 Dungeon Crawl Stone Soup version 0.19-a0-1932-g59670f6 (webtiles) character file.

205 varam the Sneak (level 5, -5/24 HPs)
             Began as a Spriggan Enchanter on Oct 25, 2016.
             Slain by a gnoll (8 damage)
             ... on level 3 of the Dungeon.
             The game lasted 00:08:41 (3217 turns).

varam the Sneak (Spriggan Enchanter)                Turns: 3217, Time: 00:08:42

Health: -5/24      AC:  2    Str:  8    XL:     5   Next: 52%
Magic:  4/10       EV: 18    Int: 17    God:
Gold:   136        SH:  0    Dex: 17    Spells: 3 memorised, 3 levels left

rFire  . . .     SeeInvis +     a - +1 dagger
rCold  . . .     Gourm    .     p - +0 robe (curse)
rNeg   . . .     Faith    .     (shield restricted)
rPois  .         Spirit   .     (helmet restricted)
rElec  .         Reflect  .     (no cloak)
rCorr  .         Harm     .     (gloves unavailable)
MR     .....                    (boots unavailable)
Stlth  +++++.....               o - amulet of inaccuracy (curse)
                                q - ring of stealth
                                m - +4 ring of strength

@: very slightly contaminated, very quick
A: unfitting armour, see invisible, herbivore 3, speed 3, slow metabolism 2
a: no special abilities


You were on level 3 of the Dungeon.
You were not hungry.

You visited 1 branch of the dungeon, and saw 5 of its levels.

You collected 136 gold pieces.

Inventory:

Hand Weapons
 a - a +1 dagger (weapon)
Armour
 b - a +1 robe
 n - a +0 buckler
 p - a cursed +0 robe (worn)
Jewellery
 i - a +2 amulet of reflection
 m - a +4 ring of strength (left hand)
 o - a cursed amulet of inaccuracy (around neck)
 q - a ring of stealth (right hand)
 t - an uncursed ring of protection from cold {unknown}
Wands
 u - a wand of iceblast (4/15)
Scrolls
 e - 2 scrolls of magic mapping
 h - 2 scrolls of identify {@r1}
 j - a scroll of noise
 k - a scroll of immolation
Potions
 g - 4 potions of curing {unknown}
 l - 2 potions of flight {unknown}
 r - a potion of agility {unknown}
 s - 2 potions of lignification {unknown}
Books
 c - a book of Maledictions

   Spells                             Type                      Level
   a - Corona                         Hexes                        1
   b - Ensorcelled Hibernation        Hexes/Ice                    2
   c - Confuse                        Hexes                        3
   d - Tukima's Dance                 Hexes                        3
   e - Dazzling Spray                 Conjuration/Hexes            3
Comestibles
 d - 2 bread rations
 f - 3 fruits


   Skills:
 * Level 3.9 Short Blades
 - Level 3.0 Dodging
 + Level 7.1 Stealth
 + Level 1.3 Shields
 - Level 2.6 Spellcasting
 - Level 3.6 Hexes


You had 3 spell levels left.
You knew the following spells:

 Your Spells              Type           Power        Failure   Level  Hunger
a - Ensorcelled Hibernat  Hex/Ice        #.....       17%         2    ##.....
b - Corona                Hex            ##.....      4%          1    #......
c - Confuse               Hex            ##......     14%         3    ###....


Dungeon Overview and Level Annotations

Branches:
Dungeon (5/15)
 Temple: D:4-7

Altars:

Annotations:
D:4 Deadscale's ghost, amateur MiFi
D:5 varam's ghost, amateur CeMo


Innate Abilities, Weirdness & Mutations

You are very small and have problems with some larger weapons.
You are too small for most types of armour.
You have supernaturally acute eyesight. (SInv)
You are a herbivore.
You cover ground extremely quickly.
You need consume almost no food.


Message History

Aiming: Ensorcelled Hibernation
Press: ? - help, Shift-Dir - straight line, f/p - orc
Aim: an orc, wielding a hand axe (chance to defeat MR: 57%)
You miscast Ensorcelled Hibernation.
You are very lightly contaminated with residual magic.
Strange energies run through your body. The gnoll barely misses you.
The orc misses you.
Casting: Ensorcelled Hibernation
Confirm with . or Enter, or press ? or * to list all spells.
Aiming: Ensorcelled Hibernation
Press: ? - help, Shift-Dir - straight line, f/p - orc
Aim: an orc, wielding a hand axe (chance to defeat MR: 57%)
The orc looks drowsy...
The gnoll barely misses you.
The helpless orc fails to defend itself.
You impale the orc!!
You kill the orc!
The gnoll hits you.
* * * LOW HITPOINT WARNING * * *
The gnoll hits you!
You die...

######
#>@..#
##g#......
#.# #####
#.. ##%.
##. #. ..
#..


You could see a gnoll.

Vanquished Creatures
  A howler monkey (D:4)
  A hound (D:4)
  2 gnolls (D:4)
  4 adders
  An ooze (D:1)
  An adder skeleton (D:4)
  5 dart slugs
  2 leopard geckos
  4 orcs
  5 giant cockroaches
  6 goblins
  6 hobgoblins
  3 jackals (D:1)
  A ball python (D:3)
  9 bats
  4 frilled lizards
  2 kobolds
  9 rats
66 creatures vanquished.

Notes
Turn   | Place    | Note
-------+----------+-------------------------------------------
     0 | D:1      | varam the Spriggan Enchanter began the quest for the Orb.
     0 | D:1      | Reached XP level 1. HP: 9/9 MP: 5/5
    45 | D:1      | Reached skill level 5 in Stealth
    45 | D:1      | Reached XP level 2. HP: 8/13 MP: 2/6
    49 | D:1      | Learned a level 2 spell: Ensorcelled Hibernation
   352 | D:1      | Reached skill level 6 in Stealth
   523 | D:1      | Reached XP level 3. HP: 9/16 MP: 8/8
  2056 | D:3      | Reached XP level 4. HP: 21/21 MP: 9/9
  2133 | D:2      | Learned a level 3 spell: Confuse
  2240 | D:4      | Reached skill level 1 in Shields
  2555 | D:4      | Reached XP level 5. HP: 17/24 MP: 5/10
  2607 | D:5      | Entered Level 5 of the Dungeon
  2727 | D:5      | Noticed varam's ghost (amateur CeMo)
  2808 | D:4      | Noticed an ogre
  2808 | D:4      | Noticed a centaur
  2895 | D:4      | Noticed Deadscale's ghost (amateur MiFi)
  2896 | D:4      | Reached skill level 7 in Stealth
  3217 | D:3      | Slain by a gnoll

Vault maps used:
D:1:      minmay_arrival_diagonal_passages, roderic_chinese_pattern_swastika
D:2:      first_bread
D:3:      tgw_sif, okawaru_trees_2
D:4:      grunt_temple_overflow_lords_of_destruction,
          nicolae_overflow_hidden_temple, lightli_corner_chamber
D:5:      uniq_grinder, uniq_blork_the_orc, uniq_duvessa

Skill      XL: |  1  2  3  4  5 |
---------------+----------------+-----
Stealth        | 5 6 7 |  7.1
Short Blades   | 2 3 |  3.9
Shields        | 1 |  1.3
Dodging        | |  3.0
Spellcasting   | |  2.6
Hexes          | |  3.6

Action                   |  1- 3 |  4- 6 || total
-------------------------+-------+-------++-------
Melee: Dagger            |   132 |   102 ||   234
 Cast: Corona            |     4 |     3 ||     7
       Ensorcelled Hiber |    18 |    16 ||    34
       Confuse           |       |    14 ||    14
  Use: Scroll            |     3 |       ||     3
 Stab: Sleeping          |    28 |    15 ||    43
       Confused          |       |     4 ||     4
  Eat: Pizza             |       |     1 ||     1
       Bread ration      |       |     1 ||     1
Armor: Robe              |    17 |     8 ||    25
Dodge: Dodged            |   120 |    80 ||   200
